 Dungeon Crawl Stone Soup version 0.22-a0-422-g9628fc8 (webtiles) character file.

11 iamserjio the Magician (level 2, -3/19 HPs)
             Began as a Mummy Earth Elementalist on May 16, 2018.
             Slain by an adder (4 damage)
             ... on level 2 of the Dungeon.
             The game lasted 00:02:06 (1067 turns).

iamserjio the Magician (Mummy Earth Elementalist)   Turns: 1067, Time: 00:02:07

Health: -3/19      AC:  3    Str: 11    XL:     2   Next: 17%
Magic:  0/6        EV: 12    Int: 14    God:
Gold:   16         SH:  0    Dex: 12    Spells: 6/7 levels left

rFire    x . .     SeeInvis .   i - +0 short sword
rCold    + . .     Gourm    .   (no shield)
rNeg     + + +     Faith    .   c - +0 robe
rPois    ∞         Spirit   .   (no helmet)
rElec    .         Reflect  .   (no cloak)
rCorr    .         Harm     .   (no gloves)
MR       .....                  e - +0 pair of boots
Stlth    ++........             (no amulet)
HPRegen  0.06/turn              (no ring)
MPRegen  0.10/turn              (no ring)

@: very slightly contaminated
A: no food or potions, fire vulnerability, cold resistance 1, negative energy
resistance 3, torment resistance, unbreathing
a: no special abilities


You were on level 2 of the Dungeon.
You were not hungry.

You visited 1 branch of the dungeon, and saw 2 of its levels.

You collected 16 gold pieces.

Inventory:

Hand Weapons
 f - a +0 dagger
 i - a +0 short sword (weapon)
Missiles
 b - 42 stones (quivered)
Armour
 c - a +0 robe (worn)
 e - a +0 pair of boots (worn)
Jewellery
 d - an uncursed ring of fire {unknown}
Scrolls
 a - 2 scrolls of remove curse {unknown}
 g - a scroll of identify {unknown}
 h - a scroll of teleportation {unknown}


   Skills:
 - Level 1.5 Dodging
 - Level 1.5 Stealth
 + Level 3.0 Spellcasting
   Level 0.7 Transmutations
 * Level 2.8 Earth Magic


You had 6 spell levels left.
You knew the following spells:

 Your Spells              Type           Power        Failure   Level  Hunger
a - Sandblast             Erth           ##....       7%          1    N/A

Your spell library contained the following spells:

 Spells                   Type           Power        Failure   Level  Hunger
 Stone Arrow              Conj/Erth      #.....       34%         3    N/A
 Passwall                 Tmut/Erth      #.........   16%         2    N/A
 Lee's Rapid Deconstruct  Erth           ##........   88%         5    N/A
 Petrify                  Tmut/Erth      #.......     71%         4    N/A

Dungeon Overview and Level Annotations

Branches:
Dungeon (2/15)

Altars:


Innate Abilities, Weirdness & Mutations

You do not eat or drink.
Your flesh is vulnerable to fire.
You are immune to poison.
Your flesh is cold resistant. (rC+)
You are immune to negative energy. (rN+++)
You are immune to unholy pain and torment.
You can survive without breathing.


Message History

The adder bites you but does no damage.
Casting: Sandblast (safe; 7% risk of failure)
Confirm with . or Enter, or press ? or * to list all spells.
Aiming: Sandblast (safe; 7% risk of failure)
Press: ? - help, Shift-Dir - straight line, f/p - adder
Aim: an adder (heavily wounded)
The blast of sand hits the adder.
The adder is heavily wounded.
b - 42 stones The adder bites you but does no damage.
You hit the adder but do no damage.
The adder is heavily wounded.
The adder bites you but does no damage. x2
You hit the adder.
The adder is severely wounded.
The adder completely misses you.
You hit the adder.
The adder is severely wounded.
The adder closely misses you. The adder bites you.
You die...

#. ######### ..# #.##.##.#
####.# #.......# .
.....#######.#### #.
#..........#
.#.###..##.##.#####
....#...##.##.#........
#.........##.#S#.....#
#.#.##...#####.@##.....#
........#####.#.#.....#
######..........#.......# ..#
#...########..#....# #.#
#...########.......# #.#
#.........#......#.#######
#.####...#####.#.#.#)#..#.....#
#..............#.#..###.#.....#
...................## ##......#


You could see an adder.

Vanquished Creatures
  3 giant cockroaches (D:1)
  2 goblins (D:1)
  A bat (D:1)
  A frilled lizard (D:2)
  3 kobolds (D:2)
  2 rats
12 creatures vanquished.

Notes
Turn   | Place    | Note
-------+----------+-------------------------------------------
     0 | D:1      | iamserjio the Mummy Earth Elementalist began the quest for the Orb.
     0 | D:1      | Reached XP level 1. HP: 13/13 MP: 4/4
   823 | D:1      | Reached skill level 3 in Spellcasting
   823 | D:1      | Reached XP level 2. HP: 18/19 MP: 3/6
  1067 | D:2      | Slain by an adder

Vault maps used:
D:1:      minmay_arrival_wavy_path, hex_tiny, minmay_misc_feat_encased
D:2:      first_ration, uniq_crazy_yiuf_cottage

Skill      XL: |  1 |
---------------+----+-----
Spellcasting   | 3 |  3.0
Dodging        | |  1.5
Stealth        | |  1.5
Transmutations | |  0.7
Earth Magic    | |  2.8

Action                   || total
-------------------------++-------
Melee: Dagger            ||     2
       Short sword       ||     7
 Cast: Sandblast         ||    20
Armor: Robe              ||     7
Dodge: Dodged            ||     9

Table legend:
 A = Spawn XP
 B = Non-spawn XP
 C = Spawn XP percentage of total XP
 D = Spawn monster count
 E = Non-spawn monster count
 F = Spawn count percentage of total count
 G = Total turns spent on level
                    A         B        C        D         E        F      G
               +---------+---------+-------+---------+---------+-------+---------
         Total |       0 |      17 |   0.0 |       0 |      12 |   0.0 |  1067
               +---------+---------+-------+---------+---------+-------+---------
           D:1 |       0 |      12 |   0.0 |       0 |       7 |   0.0 |   948
           D:2 |       0 |       5 |   0.0 |       0 |       5 |   0.0 |   119
               +---------+---------+-------+---------+---------+-------+---------
